 Dungeon Crawl Stone Soup version 0.18-a0-1577-gf591c28 (webtiles) character file.

233 Tomstefer the Insei (level 6, -4/33 HPs)
             Began as a Vine Stalker Monk on Mar 20, 2016.
             Slain by Grinder (8 damage)
             ... on level 3 of the Dungeon.
             The game lasted 00:03:37 (2051 turns).

Tomstefer the Insei (Vine Stalker Monk)             Turns: 2051, Time: 00:03:38

Health: -4/33      AC:  2    Str: 14    XL:     6   Next: 4%
Magic:  0/7        EV: 13    Int: 10    God:
Gold:   112        SH:  0    Dex: 18    Spells: 0 memorised, 5 levels left

rFire  . . .     SeeInvis .       - Unarmed
rCold  . . .     Gourm    .     a - +0 robe
rNeg   . . .     Faith    .     (no shield)
rPois  .         Spirit   +     (no helmet)
rElec  .         Dismiss  .     (no cloak)
rCorr  .         Reflect  .     (no gloves)
SustAt .         Harm     .     (no boots)
MR     .....                    (no amulet)
Stlth  +.........               (no ring)
                                (no ring)

@: not resistant to hostile enchantments, very unstealthy
A: fangs 2, regeneration 2, magic shield, antimagic bite, no device heal 3, rot
immunity
a: no special abilities


You were on level 3 of the Dungeon.
You were hungry.

You visited 1 branch of the dungeon, and saw 3 of its levels.

You collected 112 gold pieces.

Inventory:

Armour
 a - a +0 robe (worn)
 c - a +0 chain mail
Scrolls
 e - a scroll of enchant armour {unknown}
 h - a scroll of teleportation {unknown}
 i - a scroll of identify {unknown}
Potions
 d - a potion of might
 f - a potion of degeneration {unknown}
 g - a potion of brilliance {unknown}
 j - 2 potions of haste {unknown}
 l - 2 potions of cure mutation {unknown}
Comestibles
 b - 3 bread rations
 k - a slice of pizza


   Skills:
 + Level 4.1 Fighting
 - Level 2.4 Dodging
 - Level 2.4 Stealth
 * Level 6.1 Unarmed Combat


You had 5 spell levels left.
You didn't know any spells.

Dungeon Overview and Level Annotations

Branches:
Dungeon (3/15)

Altars:
Ashenzari
Nemelex Xobeh
Qazlal

Annotations:
D:3 Grinder


Innate Abilities, Weirdness & Mutations

You have extremely sharp teeth.
You heal very quickly.
When hurt, damage is shared between your health and your magic reserves.
Your bite disrupts and absorbs the magic of your enemies.
Potions and wands cannot restore your health.
You are immune to rotting.


Message History

* * * LOW HITPOINT WARNING * * *
You writhe in agony.
You are too injured to fight recklessly!
You are too injured to fight recklessly!
You are too injured to fight recklessly!
You closely miss Grinder. Your bite misses Grinder.
Grinder is heavily wounded.
Grinder barely misses you.
You punch Grinder!
Grinder is severely wounded.
Grinder falters for a moment.
You hit Grinder but do no damage.
Grinder is severely wounded.
Grinder hits you!
* * * LOW HITPOINT WARNING * * *
You writhe in agony. x2
You hit Grinder but do no damage.
Grinder is severely wounded.
Grinder hits you!
You die...

#.#.#.# #.#.#.#
#.#.#.# #<#.#.#
#.###.#.###
#.....#..≈♣♣
#####♣≈♣≈≈≈♣♣♣
#♣♣≈≈♣♣≈P≈≈PPP≈
##♣♣≈5@≈PP≈≈≈≈≈≈≈P
#≈≈≈≈≈≈≈≈≈≈≈≈≈≈≈≈≈
##♣♣≈≈≈≈≈≈≈≈≈≈≈≈≈≈≈≈
#≈≈≈≈≈≈≈≈P≈≈≈≈≈≈≈≈≈≈
#≈≈PP≈P≈≈≈≈≈≈≈≈≈≈≈≈≈
#≈≈≈PPP≈≈≈≈≈≈≈≈≈≈≈≈≈
##♣♣≈≈♣≈P♣≈≈≈≈≈≈≈
#P≈P≈≈≈PP≈≈≈≈≈
###≈♣♣≈♣≈≈≈≈P


You could see Grinder.

Vanquished Creatures
  Sigmund (D:2)
  4 adders (D:2)
  An ooze (D:1)
  A worm (D:2)
  2 dart slugs
  A ball python (D:2)
  A giant cockroach (D:1)
  7 goblins
  3 hobgoblins
  3 jackals (D:1)
  5 kobolds
  2 bats
  A giant newt (D:1)
  8 rats
40 creatures vanquished.

Notes
Turn   | Place    | Note
--------------------------------------------------------------
     0 | D:1      | Tomstefer the Vine Stalker Monk began the quest for the Orb.
     0 | D:1      | Reached XP level 1. HP: 11/11 MP: 2/2
    22 | D:1      | Reached XP level 2. HP: 2/16 MP: 0/3
   495 | D:1      | Reached XP level 3. HP: 17/20 MP: 4/4
  1096 | D:2      | Found a shattered altar of Ashenzari.
  1114 | D:2      | Noticed Sigmund
  1133 | D:2      | Killed Sigmund
  1133 | D:2      | Reached skill level 5 in Unarmed Combat
  1133 | D:2      | Reached XP level 4. HP: 5/25 MP: 2/5
  1133 | D:2      | Reached XP level 5. HP: 5/29 MP: 2/6
  1370 | D:2      | Found a sparkling altar of Nemelex Xobeh.
  1374 | D:2      | Found a stormy altar of Qazlal.
  1475 | D:2      | Reached skill level 6 in Unarmed Combat
  1514 | D:2      | Gained mutation: You heal very quickly. [Vine Stalker growth]
  1514 | D:2      | Reached XP level 6. HP: 31/33 MP: 7/7
  2031 | D:3      | Noticed Grinder
  2031 | D:3      | Paralysed by Grinder for 3 turns
  2040 | D:3      | Paralysed by Grinder for 5 turns
  2051 | D:3      | Slain by Grinder

Vault maps used:
D:1:      lightli_arrival_maybe_door_vault, kennysheep_minor_cross
D:2:      lemuel_doored_altar, grunt_temple_overflow_open, first_bread, tgw_xom,
          uniq_sigmund
D:3:      grunt_temple_overflow_lords_of_destruction, serial_bayou_lake_a,
          uniq_grinder, uniq_iyjb

Skill      XL: |  1  2  3  4  5 |
---------------+----------------+-----
Fighting       | 3 4 |  4.1
Unarmed Combat | 5 6 |  6.1
Dodging        | |  2.4
Stealth        | |  2.4

Action                   |  1- 3 |  4- 6 || total
-------------------------+-------+-------++-------
Melee: Unarmed           |    97 |    35 ||   132
 Stab: Sleeping          |     6 |     3 ||     9
  Eat: Chunk             |       |     3 ||     3
